 Dungeon Crawl Stone Soup version 0.32-a0-128-g77eb882913 (webtiles) character file.

Game seed: 9074518312508908108

22 Nattfarinn the Changeling (level 2, -1/25 HPs)
             Began as a Naga Shapeshifter on Feb 8, 2024.
             Frozen to death by an endoplasm (4 damage)
             ... on level 1 of the Dungeon.
             The game lasted 00:01:02 (675 turns).

Nattfarinn the Changeling (Naga Shapeshifter)        Turns: 675, Time: 00:01:03

Health: -1/25      AC:  1    Str: 16    XL:     2   Next: 91%
Magic:  2/2        EV:  9    Int: 10    God:
Gold:   48         SH:  0    Dex: 10    Spells: 1/1 levels left

rFire   . .          .
                       - Unarmed
rCold   . . .        (no shield)
rNeg    . . .        a - +0 animal skin
rPois   +            (helmet currently unavailable)
rElec   .            (cloak currently unavailable)
rCorr   .            (gloves currently unavailable)
SInv    +            (no barding)
Will    .....        (no amulet)
Stlth   +            (no ring)
HPRegen 0.24/turn    (no ring)
MPRegen 0.08/turn

%: no passive effects
@: short of breath, beast-form, attractive, very slow
A: beast (slay +1), AC +0, large, see invisible, deformed body, poison
resistance, slowness 2, spit poison 1, naga tail 1
a: Spit Poison, Begin Untransformation


You were on level 1 of the Dungeon.
You were a hulking beast.
You visited 1 branch of the dungeon, and saw 1 of its levels.

You collected 48 gold pieces.

Inventory:

Armour
 a - a +0 animal skin (worn)
 e - a +0 pair of gloves
Talismans
 c - a beast talisman
 d - a flux talisman
Scrolls
 h - a scroll of blinking {unknown}
Potions
 b - a potion of lignification
 f - a potion of attraction
 g - a potion of curing {unknown}


   Skills:
 + Level 1.5 Fighting
 - Level 1.5 Dodging
 + Level 3.2 Unarmed Combat
 * Level 3.4 Shapeshifting


You had one spell level left.
You didn't know any spells.
Your spell library was empty.

Dungeon Overview and Level Annotations

Branches:
Dungeon (1/15)

Altars:


Innate Abilities, Weirdness & Mutations

You are a hulking beast.
Your limbs bulge with bestial killing power. (Slay +1)
Your serpentine skin is tough. (AC +0)
You have supernaturally acute eyesight. (SInv)
Armour fits poorly on your strangely shaped body.
Your system is resistant to poisons. (rPois)
You cover ground very slowly.
You can spit poison.
You have a snake-like lower body.


Message History

You closely miss the quokka.
The rat squeaks loudly.
The quokka closely misses you.
You hit the quokka but do no damage.
An endoplasm comes into view.
The quokka closely misses you.
You barely miss the quokka. The quokka barely misses you.
You hit the endoplasm.
The endoplasm is heavily wounded.
The quokka bites you. The endoplasm freezes you.
You are frozen.
You completely miss the endoplasm.
The endoplasm is heavily wounded.
The quokka bites you. The endoplasm hits you.
You are too injured to fight recklessly!
You are too injured to fight recklessly!
The quokka bites you.
There are monsters nearby!
Aiming: Spit Poison (2% risk of failure)
Press: ? - help, Shift-Dir - straight line, f - endoplasm
Aim: an endoplasm (heavily wounded, 97% to hit)
The splash of poison hits the quokka!
The quokka is poisoned.
You kill the quokka!
The endoplasm hits you but does no damage.
Unknown command.
The endoplasm attacks as it pursues you!
The endoplasm hits you.
* * * LOW HITPOINT WARNING * * *
The endoplasm closely misses you. The endoplasm freezes you.
You are frozen.
* * * LOW HITPOINT WARNING * * *
The endoplasm hits you.
* * * LOW HITPOINT WARNING * * *
It was a potion of attraction.
You feel attractive to monsters. The endoplasm freezes you.
You are frozen.
You die...

#.#
#.########
#.#
#.........
#.#
##########
#.# #.#
#.# # #.#
.# #.###.#
#h#..:#


#JJr# #......# #.#.#...# #...# ..# ###.# .# .. .. ## . You could see 2
endoplasms and a rat.

Vanquished Creatures
  2 bats (D:1)
  A giant cockroach (D:1)
  2 goblins (D:1)
  4 jackals (D:1)
  A kobold (D:1)
  3 quokkas (D:1)
  3 ball pythons (D:1)
  A frilled lizard (D:1)
  A rat (D:1)
18 creatures vanquished.

Notes
Turn   | Place    | Note
-------+----------+-------------------------------------------
     0 | D:1      | Nattfarinn the Naga Shapeshifter began the quest for the
                  | Orb.
     0 | D:1      | Reached XP level 1. HP: 18/18 MP: 1/1
   260 | D:1      | Reached XP level 2. HP: 21/25 MP: 2/2
   675 | D:1      | Frozen to death by an endoplasm

Illustrated notes

Levels and vault maps discovered:
D:1:      wheals_arrival_shading, layout_loops_ring, minmay_pentomino_v4

Action                     || total
---------------------------++-------
  Melee: Unarmed           ||    63
Ability: Spit Poison       ||     1
    Use: Potion            ||     1
   Stab: Sleeping          ||     1
 Armour: Animal skin       ||    50
  Dodge: Dodged            ||    32

Table legend: (Time is in decaauts)
 A = Elapsed time spent in this place.
 B = Non-inter-level travel time spent in this place.
 C = Inter-level travel time spent in this place.
 D = Time resting spent in this place.
 E = Time spent auto-exploring this place.
 F = Levels seen in this place.
 G = Mean time per level.
                   A        B        C        D        E       F      G
               +--------+--------+--------+--------+--------+-----+--------+
         Total |    864 |    843 |     21 |      0 |    719 |   1 |  864.0 |
       Dungeon |    864 |    843 |     21 |      0 |    719 |   1 |  864.0 |
               +--------+--------+--------+--------+--------+-----+--------+

Top non-repeatable levels by time:
     D:1: 864 daAuts
